 Dungeon Crawl Stone Soup version 0.18.1-6-gd335043 (webtiles) character file.

26394 oplop the Nimble (level 12, -2/97 HPs)
             Began as a Vampire Enchanter on May 16, 2016.
             Was an Elder of Ashenzari.
             Slain by a catoblepas (7 damage)
             ... on level 4 of the Lair of Beasts.
             The game lasted 01:10:38 (14891 turns).

oplop the Nimble (Vampire Enchanter)               Turns: 14891, Time: 01:10:38

Health: -2/97      AC:  6    Str:  7    XL:     12   Next: 97%
Magic:  19/19      EV:  2    Int: 19    God:    Ashenzari [****..]
Gold:   1276       SH:  0    Dex: 18    Spells: 7 memorised, 4 levels left

rFire  + . .     SeeInvis +     K - +3 dagger (chaos)
rCold  . . .     Gourm    .     v - +2 robe {rF+} (curse)
rNeg   + + +     Faith    .     (no shield)
rPois  ∞         Spirit   .     V - +0 hat
rElec  .         Dismiss  .     t - +0 cloak
rCorr  .         Reflect  .     u - +0 pair of gloves
SustAt .         Harm     .     (no boots)
MR     +....     Clarity  +     (no amulet)
Stlth  ++++++....               j - ring of wizardry (curse)
                                s - +3 ring of evasion

@: petrified, regenerating quickly, somewhat resistant to hostile enchantments,
very stealthy
A: fangs 3, see invisible, unbreathing
a: Curse Item, Scrying, Renounce Religion


You were on level 4 of the Lair of Beasts.
You worshipped Ashenzari.
Ashenzari was greatly pleased with you.
You were full.

You visited 3 branches of the dungeon, and saw 20 of its levels.
You also visited: Labyrinth.

You collected 1394 gold pieces.
You spent 118 gold pieces at shops.

Inventory:

Hand Weapons
 o - a +0 blowgun
 q - a +2 dagger of venom
 r - a +0 dagger of draining
 K - a +3 dagger of chaos (weapon)
Missiles
 z - 2 throwing nets (quivered)
 A - 5 curare-tipped needles
Armour
 t - a +0 cloak (worn)
 u - a +0 pair of gloves (worn)
 v - a cursed +2 robe of fire resistance (worn)
 J - a +2 robe of resistance
 V - a +0 hat (worn)
Jewellery
 j - a cursed ring of wizardry (right hand)
 s - a +3 ring of evasion (left hand)
 y - an uncursed ring of protection from fire
 D - an uncursed ring of sustain attributes
Wands
 w - a wand of lightning (8/15)
 H - a wand of teleportation (8/9)
 I - a wand of polymorph (15/24)
 M - a wand of iceblast (8/15)
 N - a wand of iceblast (8/15)
 Z - a wand of enslavement (13/24)
Scrolls
 i - 2 scrolls of immolation
 p - a scroll of enchant weapon
 B - 2 scrolls of amnesia
 C - a scroll of fear
 F - a scroll of recharging
 G - a scroll of holy word
 L - 3 scrolls of remove curse
 P - 2 scrolls of magic mapping
 Q - a scroll of fog
 R - 4 scrolls of brand weapon
 U - 3 scrolls of teleportation {unknown}
Potions
 b - 21 potions of blood
 c - a potion of magic
 d - 3 potions of cancellation
 e - 3 potions of heal wounds
 f - 3 potions of resistance
 g - 8 potions of curing
 h - 2 potions of cure mutation
 l - 5 potions of brilliance
 m - 2 potions of berserk rage
 n - 3 potions of might
 x - 2 potions of ambrosia
 E - 3 potions of haste
 O - a potion of flight
 S - 3 potions of degeneration
Books
 a - a Young Poisoner's Handbook

   Spells                             Type                      Level
   a - Sting                          Conjuration/Poison           1
   b - Cure Poison                    Poison                       2
   c - Mephitic Cloud                 Conjuration/Poison/Air       3
   d - Olgreb's Toxic Radiance        Poison                       4
   e - Venom Bolt                     Conjuration/Poison           5
 X - a book of Battle

   Spells                             Type                      Level
   a - Infusion                       Charms                       1
   b - Shroud of Golubria             Charms/Translocation         2
   c - Song of Slaying                Charms                       2
   d - Spectral Weapon                Hexes/Charms                 3
   e - Regeneration                   Charms/Necromancy            3
Miscellaneous
 T - a stone of tremors
 W - a lamp of fire


   Skills:
 + Level 10.1 Fighting
 - Level 10.1 Short Blades
 + Level 12.6 Dodging
 + Level 12.0 Stealth
 - Level 5.1 Spellcasting
 - Level 2.7 Conjurations
 - Level 10.4 Hexes
 - Level 4.1 Charms


You had 4 spell levels left.
You knew the following spells:

 Your Spells              Type           Power        Failure   Level  Hunger
a - Corona                Hex            #####..      1%          1    None
b - Ensorcelled Hibernat  Hex/Ice        ###...       1%          2    #......
c - Confuse               Hex            #####...     1%          3    ##.....
d - Tukima's Dance        Hex            #####...     1%          3    ##.....
e - Dazzling Spray        Conj/Hex       ####....     1%          3    ##.....
f - Repel Missiles        Chrm/Air       ##....       4%          2    #......
g - Mephitic Cloud        Conj/Pois/Air  #.......     12%         3    ##.....


Dungeon Overview and Level Annotations

Branches:
Dungeon (14/15)            Temple (1/1) D:7            Lair (5/8) D:11
 Shoals (0/4) Lair:4       Spider (0/4) Lair:5          Orc (0/2) D:12
 Vaults: D:13-14

Altars:
Ashenzari
Cheibriados
Dithmenos
Elyvilon
Fedhas
Gozag
Kikubaaqudgha
Makhleb
Nemelex Xobeh
Okawaru
Pakellas
Qazlal
Ru
Sif Muna
Trog
Vehumet
Xom
Yredelemnul
Zin
The Shining One
Beogh

Shops:
D:8 *   D:9 (   D:13 !

Annotations:
D:3 1 exclusion
D:10 exclusions: cyclops and obsidian statue
D:12 exclusion: door
Lair:4 exclusion: door, Rupert


Innate Abilities, Weirdness & Mutations

Your natural rate of healing is unusually fast.
You have razor-sharp teeth.
You have supernaturally acute eyesight.
You can survive without breathing.


Message History

The blast of calcifying dust hits you!
Your limbs are stiffening.
The catoblepas gores you but does no damage.
You have turned to stone.
The catoblepas breathes a plume of calcifying dust at you.
The blast of calcifying dust hits you!
You are engulfed in calcifying dust.
The catoblepas gores you!!
You hear an angry hiss.
You are engulfed in calcifying dust. x2
The catoblepas gores you!!
You are engulfed in calcifying dust.
The catoblepas gores you!!
You are engulfed in calcifying dust.
The basilisk gazes at you.
You easily resist.
The catoblepas gores you!!
* * * LOW HITPOINT WARNING * * *
The catoblepas gores you!!
* * * LOW HITPOINT WARNING * * *
The basilisk bites you.
* * * LOW HITPOINT WARNING * * *
The catoblepas gores you!
You die...

, , .l.#..≈≈≈≈....... * ,
*#. *#....≈≈≈≈≈≈....#.. *
,* . *....≈≈≈≈≈≈≈..#.### *
##., ....≈≈≈≈≈≈≈.#...## *,
#..###...≈≈≈≈≈≈...#...> *
,***#..#....≈≈≈≈≈.<.......
,##.#.#.#...≈≈≈≈≈≈........
,:..........≈≈≈≈≈≈≈.......
**#..####l@...≈≈≈≈≈......P.
** * ####Y..#..≈≈≈≈#..#..##
, .....(......≈...#####..#
* ≈
≈≈≈..≈≈≈≈≈.#......PP.P.##
,≈≈ ≈≈..≈≈≈≈≈.............#
,,≈
≈≈..≈#≈#≈.............#*
**,≈
≈#≈..§≈#≈≈.............# ,
*#≈..≈≈≈§≈..P###..#...., **
≈ *≈≈..≈≈≈§≈..## #####...,


You could see a catoblepas and a basilisk.

Vanquished Creatures
  A minotaur (Lab)
  2 hydras
  Erolcha (D:11)
  The ghost of Yermak the Covert, a journeyman OpSk of Elyvilon (Lair:1)
  Sonja (Lair:4)
  An unseen horror (D:14)
  A griffon (Lair:4)
  An ugly thing (D:11)
  A cyclops (D:12)
  A black mamba (Lair:3)
  Psyche (D:9)
  A torpor snail (Lair:4)
  A gargoyle (D:10)
  A spiny frog (Lair:1)
  2 kobold demonologists (D:13)
  5 komodo dragons
  3 trolls
  Sigmund (D:4)
  2 wyverns
  41 yaks
  Grum (D:8)
  4 basilisks
  2 hippogriffs (D:10)
  A steam dragon (Lair:2)
  6 water moccasins
  4 porcupines
  An orc warrior (D:12)
  2 ice beasts
  2 sky beasts (D:5)
  2 necrophages
  A phantom (D:7)
  A black bear (D:7)
  6 ogres
  3 wolves
  11 crocodiles
  12 centaurs
  6 big kobolds
  18 giant frogs
  A wyvern zombie (D:6)
  4 scorpions
  4 killer bees (D:10)
  2 howler monkeys
  An electric eel (Lair:3)
  4 crimson imps
  4 hounds
  2 quasits
  2 jellies (D:8)
  8 orc priests
  3 centaur skeletons
  10 orc wizards
  4 iguanas
  Ijyb (D:2)
  Natasha (D:3)
  8 worker ants
  A killer bee zombie (D:10)
  8 sheep (Lair:4)
  A worker ant zombie (D:9)
  6 gnolls
  55 river rats
  10 adders
  2 shadow imps
  3 oozes
  2 adder skeletons
  A worm (D:3)
  2 dart slugs
  5 giant geckos
  41 orcs
  2 ball pythons
  5 giant cockroaches
  10 goblins
  4 hobgoblins
  10 jackals
  50 kobolds
  2 quokkas
  7 bats
  A giant gecko zombie (D:5)
  5 giant newts
  2 quokka zombies
  8 rats
  A fungus (D:2)
  A plant (D:11)
456 creatures vanquished.

Vanquished Creatures (collateral kills)
  3 orc warriors
  An ogre (D:9)
  Crazy Yiuf (D:2)
  An orc priest (D:8)
  An orc wizard (D:11)
  2 gnolls (D:6)
  An adder (D:6)
  13 orcs
  2 kobolds (D:8)
25 creatures vanquished.

Vanquished Creatures (others)
  A wizard (D:13)
  4 dancing weapons
  A fire vortex (Lair:4)
  4 fungi
  A plant (Lair:2)
11 creatures vanquished.

Grand Total: 492 creatures vanquished

Notes
Turn   | Place    | Note
--------------------------------------------------------------
     0 | D:1      | oplop the Vampire Enchanter began the quest for the Orb.
     0 | D:1      | Reached XP level 1. HP: 13/13 MP: 3/3
     0 | D:1      | namelastname112: 10/10 будет
     0 | D:1      | namelastname112: с дисом
     0 | D:1      | oplop: да ну, ты же дисоеб
     0 | D:1      | Wingboner: Я за твоего диса прогресс сразу в две ачивки получил.
     0 | D:1      | oplop: я с ним неособо умею
     0 | D:1      | Wingboner: За победу с ним и за дроп его.
     0 | D:1      | namelastname112: че с ним уметь-то
    98 | D:1      | Found a snail-covered altar of Cheibriados.
   110 | D:1      | namelastname112: ходишь и стабаешь
   110 | D:1      | oplop: ЧЕИВАМПИР
   110 | D:1      | oplop: МЕДЛЕННАЯ СМЕРТЬ
   110 | D:1      | namelastname112: кстати вот тупость лютая
   139 | D:1      | Reached XP level 2. HP: 15/19 MP: 3/5
   145 | D:1      | namelastname112: но тень не защищает от диспел андед
   206 | D:1      | Wingboner: Чеивампир кстати крут.
   289 | D:1      | namelastname112: но с другой стороны логично
   304 | D:1      | Learned a level 2 spell: Ensorcelled Hibernation
   883 | D:2      | Reached skill level 5 in Stealth
   883 | D:2      | Reached XP level 3. HP: 20/24 MP: 0/7
   927 | D:1      | Reached skill level 5 in Hexes
   960 | D:2      | barbarian: Имя,ты наигрался?
   975 | D:1      | barbarian: или умер?
  1118 | D:1      | Wingboner: Устал.
  1130 | D:1      | namelastname112: я депсы почистил
  1140 | D:1      | Wingboner: ЕГО ДУХ МЁРТВ
  1140 | D:1      | namelastname112: и устал чет
  1173 | D:2      | Wingboner: И чот приуныл.
  1228 | D:2      | namelastname112: надо будет рф найти где-то
  1232 | D:2      | Learned a level 3 spell: Confuse
  1388 | D:2      | namelastname112: а то его вообще 0
  1401 | D:2      | Found an iron altar of Okawaru.
  1419 | D:2      | Wingboner: Да мне вот тоже.
  1496 | D:2      | Found a deep blue altar of Sif Muna.
  1497 | D:2      | Found an oddly glowing altar of Pakellas.
  1549 | D:2      | Wingboner: У меня есть, но неудобный.
  1553 | D:2      | namelastname112: и дискорд выучить для волтов
  1667 | D:2      | Reached XP level 4. HP: 24/30 MP: 5/8
  1757 | D:2      | namelastname112: ммм
  1770 | D:2      | namelastname112: у гоблина даггер светится
  1842 | D:2      | namelastname112: заебись
  1844 | D:2      | namelastname112: считай победил
  1891 | D:2      | Noticed Ijyb
  1955 | D:2      | Killed Ijyb
  2098 | D:2      | Learned a level 3 spell: Tukima's Dance
  2101 | D:2      | Noticed Crazy Yiuf
  2108 | D:2      | Killed Crazy Yiuf
  2108 | D:2      | Reached XP level 5. HP: 28/35 MP: 5/9
  2154 | D:3      | oplop: лолшто
  2212 | D:3      | oplop: лолблядь
  2214 | D:3      | Wingboner: Лолзачем?
  2216 | D:3      | namelastname112: зачем тебе щит
  2216 | D:3      | namelastname112: ты че
  2216 | D:3      | oplop: зачем что
  2217 | D:3      | namelastname112: щит
  2218 | D:3      | namelastname112: зачем
  2218 | D:3      | Wingboner: А, тьфу. Показалось,ч то ты свой нож перебил.
  2219 | D:3      | namelastname112: сними его нахуй
  2561 | D:3      | Noticed a moth of wrath
  2566 | D:3      | Found a bloodstained altar of Trog.
  2637 | D:3      | namelastname112: чет мне вспомнилось
  2655 | D:3      | namelastname112: как ксено хотел экспы
  2722 | D:3      | Noticed Natasha
  2730 | D:3      | namelastname112: раскопал моль
  2735 | D:3      | namelastname112: а она его нахуй закусала
  2739 | D:3      | Killed Natasha
  2740 | D:3      | oplop: кбгг
  2759 | D:4      | Found an opulent altar of Gozag.
  2798 | D:4      | Wingboner: Лол.
  2799 | D:4      | Wingboner: Ну, теперь он ОПЫТНЕЕ СТАЛ.
  2799 | D:4      | namelastname112: !rng dith ash gozag
  2799 | D:4      | beem: The RNG chooses: ash.
  2801 | D:4      | oplop: норм
  2801 | D:4      | namelastname112: за тебя все решили
  2809 | D:4      | Reached XP level 6. HP: 41/41 MP: 11/11
  3041 | D:5      | Entered Level 5 of the Dungeon
  3077 | D:5      | oplop: мммм, иннер флейм
  3081 | D:5      | Learned a level 3 spell: Dazzling Spray
  3184 | D:5      | oplop: PANIC MODE
  3373 | D:4      | Noticed Sigmund
  3396 | D:4      | Killed Sigmund
  3396 | D:4      | Reached skill level 1 in Fighting
  3464 | D:4      | oplop: охуеть
  3519 | D:5      | Noticed a sky beast
  3559 | D:5      | Reached XP level 7. HP: 47/49 MP: 8/13
  3776 | D:6      | namelastname112: эх
  3787 | D:6      | namelastname112: вот бы мне опять катана дропнулась
  3822 | D:6      | namelastname112: на каком-нибудь чаре
  3822 | D:6      | oplop: которая с кларити?
  3822 | D:6      | namelastname112: да
  3822 | D:6      | Wingboner: У меня была на прошлом, но я её так ни разу и не надел.
  3822 | D:6      | oplop: ??katana
  3822 | D:6      | beem: autumn katana[1/1]: (long blades; +3 acc / 14 dam / 1.2 base delay / 0.6 min delay). A +8 vorpal katana {clarity} that didn't get the news about katana removal.
  3822 | D:6      | namelastname112: мой любимый лблейд
  3901 | D:6      | Wingboner: Я уже в слаймах поднял.
  3934 | D:6      | Wingboner: Не пригодилась.
  3986 | D:6      | Reached skill level 5 in Spellcasting
  4508 | D:6      | namelastname112: ммм
  4560 | D:7      | namelastname112: я шестнадцатый
  4560 | D:7      | barbarian: а оружие отнятое тукимой дерется?
  4562 | D:7      | namelastname112: в торнаменте
  4562 | D:7      | namelastname112: по игрокам
  4562 | D:7      | Wingboner: Да.
  4562 | D:7      | namelastname112: да, дерется
  4562 | D:7      | namelastname112: еще как
  4562 | D:7      | Wingboner: А наша команда шестая!
  4562 | D:7      | namelastname112: а моя 25ая
  4562 | D:7      | namelastname112: пиздец
  4562 | D:7      | oplop: эх, тебя бы нам вместо сраного ролеплейщика
  4562 | D:7      | Wingboner: Ну там по сути команды один ты.
  4562 | D:7      | oplop: который говорит что на кентавре убегать ПОЗОР
  4562 | D:7      | Wingboner: Лол.
  4625 | D:7      | namelastname112: че за ролеплейщик
  4625 | D:7      | oplop: ну у нас пятый
  4637 | D:7      | Reached XP level 8. HP: 54/58 MP: 12/15
  4656 | D:7      | namelastname112: ксено?
  4656 | D:7      | namelastname112: он же нормас
  4656 | D:7      | oplop: какой ксено
  4656 | D:7      | oplop: Yehuk 394
  4656 | D:7      | namelastname112: а
  4656 | D:7      | namelastname112: этот парень
  4781 | D:7      | namelastname112: http://puu.sh/oUsRw/38b14a3720.png
  4781 | D:7      | namelastname112: мда
  4988 | D:7      | namelastname112: ну там я и епен
  5020 | D:7      | Found a staircase to the Ecumenical Temple.
  5071 | D:7      | Found a snail-covered altar of Cheibriados.
  5075 | D:7      | namelastname112: епен новый правда совсем
  5087 | D:7      | namelastname112: но выигрывает оче даже
  5090 | D:7      | namelastname112: для нуба
  5143 | Temple   | Entered the Ecumenical Temple
  5350 | Temple   | Became a worshipper of Ashenzari the Shackled
  5368 | D:7      | oplop: так
  5368 | D:7      | oplop: ну и чо
  5368 | D:7      | oplop: мне нечего ща проклясть даже
  5368 | D:7      | namelastname112: ну
  5368 | D:7      | namelastname112: колечко виз
  5368 | D:7      | namelastname112: робу можно
  5368 | D:7      | oplop: робу можно
  5368 | D:7      | oplop: лол
  5368 | D:7      | oplop: клоку
  5368 | D:7      | oplop: клоки мне редко попадаются
  5368 | D:7      | namelastname112: ну или к дису иди
  5368 | D:7      | namelastname112: че ты
  5368 | D:7      | namelastname112: дис лучший бог
  5368 | D:7      | oplop: я с аше не играл толком
  5368 | D:7      | oplop: хочу
  5368 | D:7      | oplop: у нас в тиме просто победы с аше нет
  5368 | D:7      | namelastname112: мне аш больше на всяких гибридах нравится
  5368 | D:7      | namelastname112: и на суммонере
  5423 | D:7      | namelastname112: !lg . ash won s=char
  5446 | D:7      | beem: 9 games for namelastname112 (ash won): 2x DrWn, DrCj, DrBe, DrWz, DrMo, DrSu, NaMo, DrEE
  5446 | D:7      | Wingboner: !lg . ash won s=char
  5446 | D:7      | beem: No games for Wingboner (ash won).
  5446 | D:7      | Wingboner: !lg xenobreeder ash won s=char
  5446 | D:7      | oplop: drdrdrdr
  5446 | D:7      | beem: 3 games for xenobreeder (ash won): GrAM, TrTm, FeTm
  5446 | D:7      | Wingboner: ,,,^..^,,,
  5446 | D:7      | namelastname112: др мастер рейс
  5750 | D:8      | Wingboner: !lg xenobreeder tm won s=race
  5751 | D:8      | beem: 10 games for xenobreeder (tm won): 5x Octopode, Purple Draconian, Felid, Vampire, Troll, Merfolk
  5785 | D:8      | Found a shimmering altar of Xom.
  5786 | D:8      | oplop: э
  5786 | D:8      | namelastname112: !lg . won s=race
  5786 | D:8      | beem: 121 games for namelastname112 (won): 25x Grey Draconian, 14x Red Draconian, 14x Black Draconian, 12x Green Draconian, 12x White Draconian, 11x Pale Draconian, 6x Felid, 6x Purple Draconian, 4x Yellow Draconian, 3x Mottled Draconian, 2x Vine Stalker, Centaur, Formicid, Demonspawn, Octopode, Tengu, Vampire, Lacertilian, Merfolk, Gargoyle, Naga, Deep Dwarf, Troll
  5786 | D:8      | oplop: а кровь не гниет чтоле больше?
  5788 | D:8      | Noticed an angel
  5789 | D:8      | namelastname112: гниет
  5791 | D:8      | Found a glowing silver altar of Zin.
  5794 | D:8      | Noticed Grum
  5795 | D:8      | namelastname112: медленно просто
  5805 | D:8      | Wingboner: !lg namelastname112 !won s=crace
  5806 | D:8      | beem: 4000 games for namelastname112 (!won): 3055x Draconian, 144x Formicid, 108x Felid, 103x Vine Stalker, 76x Demonspawn, 61x Merfolk, 56x Naga, 53x Vampire, 49x Kobold, 44x Tengu, 39x Hill Orc, 36x Spriggan, 27x High Elf, 25x Demigod, 23x Gargoyle, 19x Octopode, 18x Deep Elf, 12x Centaur, 10x Lava Orc, 9x Human, 5x Ghoul, 5x Ogre, 5x Minotaur, 4x Troll, 4x Halfling, 3x Deep Dwarf, 2x Imp, 2x Lacert...
  5808 | D:8      | Reached skill level 5 in Dodging
  5819 | D:8      | Reached XP level 9. HP: 67/67 MP: 7/16
  5831 | D:8      | Killed Grum
  5831 | D:8      | Reached skill level 5 in Fighting
  5851 | D:8      | Reached skill level 5 in Short Blades
  5853 | D:8      | Wingboner: 4000 фейлов! Можно праздновать день Генерала Фейлюры.
  5873 | D:8      | namelastname112: лел
  5884 | D:8      | namelastname112: у меня вот 101 драк был
  5884 | D:8      | namelastname112: сегодня
  5924 | D:8      | Found a burning altar of Makhleb.
  5924 | D:8      | Noticed a green death
  5940 | D:8      | namelastname112: !lg * won dr s=name
  5945 | D:8      | beem: 1661 games for * (won dr): 94x namelastname112, 57x Dynast, 35x 78291, 29x eeviac, 27x koboldina, 26x bmfx, 25x johnnyzero, 25x comborobin, 24x Sharkman1231, 15x Lasty, 14x clouded, 13x elliptic, 12x UglyThing, 12x HilariousDeathArtist, 12x Ololoev, 11x crate, 11x WalkerBoh, 11x Tenaya, 9x MorganLeah, 9x Undo, 9x Tolias, 9x nago, 9x mikee, 9x Jeremie, 9x rubinko, 8x Stabwound, 8x Torax, 8x simm,...
  5982 | D:8      | Wingboner: Что-то у меня билд голодный оче получился. Скоро пойду еду покупать такими темпами.
  5985 | D:7      | namelastname112: хммм
  6015 | D:8      | Identified the +2 robe of the Evil One {rC+}
  6037 | D:8      | oplop: ня
  6037 | D:8      | oplop: роба ЗЛА
  6037 | D:8      | Wingboner: Может, за ремувера выиграл?
  6037 | D:8      | namelastname112: !lg . won dr
  6037 | D:8      | beem: 101. namelastname112 the Gracecrafter (L27 DrWr of Fedhas), escaped with the Orb and 3 runes on 2016-05-16 18:34:18, with 1546447 points after 86912 turns and 5:03:59.
  6037 | D:8      | namelastname112: ну да
  6037 | D:8      | namelastname112: скорее всего
  6037 | D:8      | namelastname112: наверное просто ник не видит тот
  6037 | D:8      | Wingboner: !lg namelastname112 won s=name
  6037 | D:8      | beem: 121 games for namelastname112 (won): 113x namelastname112, 8x removemottled
  6037 | D:8      | namelastname112: че за роба
  6037 | D:8      | Wingboner: Ну вот.
  6037 | D:8      | namelastname112: покажи
  6037 | D:8      | oplop: ну вон видно же
  6037 | D:8      | namelastname112: где видно
  6037 | D:8      | Wingboner: _p - the +2 robe of the Evil One {rC+}
  6037 | D:8      | Wingboner: Даже мне видно.
  6071 | D:8      | Reached * piety under Ashenzari
  6094 | D:8      | namelastname112: у меня видать меню не показывало
  6094 | D:8      | Found Toesaa's Serpentskin Sales.
  6105 | D:8      | Wingboner: Там не в меню, там в логе было.
  6105 | D:8      | namelastname112: а
  6105 | D:8      | namelastname112: ну я обновил страницу
  6105 | D:8      | namelastname112: случайно
  6105 | D:8      | namelastname112: так что да
  6105 | D:8      | namelastname112: кто-то вообще учит алистара еще?
  6105 | D:8      | namelastname112: его ж переделали
  6105 | D:8      | namelastname112: чуток
  6105 | D:8      | oplop: а, эта конфузящая хуйня?
  6105 | D:8      | oplop: хз
  6105 | D:8      | namelastname112: да
  6105 | D:8      | Wingboner: Я вообще стаберами редко играю.
  6105 | D:8      | oplop: ммм
  6105 | D:8      | namelastname112: он теперь вертиго дает
  6105 | D:8      | namelastname112: вместо конфуза
  6105 | D:8      | oplop: мне рЦ голод дает?
  6105 | D:8      | namelastname112: на кастера
  6105 | D:8      | namelastname112: да
  6127 | D:8      | namelastname112: будешь рц++
  6135 | D:8      | namelastname112: на бладлесс
  6150 | D:8      | oplop: вампир вроде ест немного когда стабает?
  6150 | D:8      | namelastname112: да
  6197 | D:8      | namelastname112: хп и жрачку получает
  6223 | D:8      | namelastname112: я вот на том вампе достабался до thirsty
  6228 | D:8      | namelastname112: с бладлесса
  6268 | D:8      | Found a glowing golden altar of the Shining One.
  6410 | D:8      | namelastname112: думаю кстати
  6414 | D:8      | namelastname112: в аду будет НЕПОЖРАТ
  6416 | D:8      | namelastname112: ежели 15 делать решу
  6416 | D:8      | oplop: это да
  6416 | D:8      | Wingboner: http://crawl.xtahua.com/crawl/morgue/Wingboner/Wingboner.txt
  6416 | D:8      | Wingboner: Это череп?
  6422 | D:8      | Wingboner: В смысле крипт:3
  6424 | D:8      | namelastname112: да
  6424 | D:8      | namelastname112: он самый
  6424 | D:8      | oplop: мммм
  6424 | D:8      | Wingboner: Хорошо.
  6424 | D:8      | oplop: а варпир голодный зеркать не может?
  6444 | D:9      | Found a shadowy altar of Dithmenos.
  6445 | D:9      | Wingboner: Не-а.
  6449 | D:9      | Wingboner: Никто не может.
  6513 | D:9      | Found Ecoacvos's Antique Weapon Shop.
  6516 | D:9      | Bought a glowing dagger for 50 gold pieces
  6516 | D:9      | Wingboner: А вампир ещё и превращаться не может.
  6516 | D:9      | namelastname112: может
  6516 | D:9      | oplop: ЛОЛ
  6516 | D:9      | namelastname112: наоборот
  6516 | D:9      | oplop: даггер холи
  6516 | D:9      | namelastname112: когда фуловый
  6516 | D:9      | namelastname112: не может
  6516 | D:9      | Wingboner: Щито.
  6516 | D:9      | Wingboner: А, тьфу.
  6537 | D:9      | Wingboner: Ты про мышь, а я про нормальные формы.
  6538 | D:9      | Noticed a hill giant
  6541 | D:9      | namelastname112: а
  6546 | D:9      | namelastname112: это да
  6640 | D:9      | namelastname112: ??bat form
  6641 | D:9      | beem: bat form[1/2]: An ability you get as a vampire at xl3, only usable when satiated or lower. Grants 6 aut movement and gives a bonus to EV and Dex but lowers str by 5. No spellcasting, doors, potions, evocations, or rings. You can still wear amulets.
  6648 | D:9      | oplop: >at xl3
  6648 | D:9      | oplop: ОКАЗУАЛЕЛЕ чтоле?
  6648 | D:9      | namelastname112: это че, свитки можно чели
  6650 | D:9      | Noticed a troll
  6654 | D:9      | Killed a troll
  6778 | D:8      | oplop: хуле я дубину у него не могу отнять
  6824 | D:9      | barbarian: а сколько времени занимает превращение в мышь?
  6825 | D:9      | namelastname112: один ход
  6825 | D:9      | oplop: 1
  6863 | D:9      | Reached XP level 10. HP: 77/77 MP: 5/17
  6879 | D:9      | Noticed Psyche
  6995 | D:9      | Killed Psyche
  6997 | D:9      | namelastname112: мммммм
  6998 | D:9      | namelastname112: бери дуггер
  6998 | D:9      | oplop: нааайс
  6999 | D:9      | oplop: зойчем мне даггер?
  6999 | D:9      | namelastname112: тыкать
  6999 | D:9      | oplop: роба резиста кстати
  7006 | D:9      | barbarian: себе в глаз разве что
  7216 | D:9      | namelastname112: ага, только надо раскурсить ту сначала
  7290 | D:9      | Wingboner: http://img2.cda.pl/g/8395_29880d7d8b648ee383919f49e36eb6a5.jpeg
  7290 | D:9      | oplop: ну та рф дает
  7290 | D:9      | oplop: рц у меня от голоа
  7290 | D:9      | oplop: так что не горит пока
  7290 | D:9      | namelastname112: ну да так-то
  7303 | D:10     | Entered Level 10 of the Dungeon
  7378 | D:10     | namelastname112: все равно архимагия лучше будет
  7378 | D:10     | oplop: хуево быть вампиром
  7378 | D:10     | oplop: пиццы не съесть
  7378 | D:10     | Wingboner: Вампиры сосут.
  7378 | D:10     | Wingboner: ??vp
  7378 | D:10     | beem: vp[1/5]: Vampires can't starve to death (or eat!), they gradually change, depending on blood level: see vp[2]. They can turn into vampire bats after xl3, bottle blood from normal corpses. Vp start with SInv and sharp teeth 3, so they can randomly drink blood from living foes in melee.
  7378 | D:10     | Wingboner: ??vp[5
  7378 | D:10     | beem: vp[5/5]: Try adding 'autoinscribe += blood:@q1' to your config file for quick and easy quaffing.
  7378 | D:10     | Wingboner: ??vp[4
  7378 | D:10     | beem: vp[4/5]: Vampires cannot cast Borgnjor's Revivification, Death's Door, or Necromutation. Some other spells have restrictions based on satiation level.
  7378 | D:10     | Wingboner: Эх, убрали.
  7378 | D:10     | namelastname112: бля
  7378 | D:10     | namelastname112: я помню
  7378 | D:10     | namelastname112: видел охуенный рц
  7378 | D:10     | namelastname112: для тотального отыгрыша вампом
  7378 | D:10     | namelastname112: ??vp reasons
  7378 | D:10     | beem: I don't have a page labeled vp_reasons in my learndb. Did you mean: op_reasons, vs_reasons.
  7378 | D:10     | namelastname112: ??vampire reasons
  7378 | D:10     | beem: vampire reasons[1/3]: Stealth, stabbing, necromancy, bat form. Stay alive for excellent regen in early game, go bloodless for excellent resists in late game.
  7378 | D:10     | namelastname112: ??vampire reasons [2
  7378 | D:10     | beem: vampire reasons[2/3]: cbtmessages = {[1]="Spill their guts! Feast on their delicious blood!", [2]="I will build my throne out of your skulls!", [3]="Sweet slaughter awaits!", [4]="Murder, murder, murder, murder! Slay them!", [5]="More cattle to feed on!"}
  7378 | D:10     | Wingboner: Лол.
  7378 | D:10     | namelastname112: ??vampire reasons [3
  7378 | D:10     | beem: http://dobrazupa.org/rcfiles/crawl-git/ScarletJ.rc
  7378 | D:10     | namelastname112: во
  7378 | D:10     | namelastname112: вот это
  7378 | D:10     | oplop: ебать
  7378 | D:10     | oplop: кратко можно, че там?
  7490 | D:10     | Wingboner: : function LoliSupptOne()
  7499 | D:10     | Wingboner: Там лоли.
  7537 | D:10     | namelastname112: дохуя че
  7562 | D:10     | Noticed an obsidian statue
  7692 | D:10     | Learned a level 2 spell: Repel Missiles
  7694 | D:10     | Reached ** piety under Ashenzari
  7752 | D:10     | Noticed a cyclops
  7754 | D:10     | oplop: упс
  7847 | D:10     | Noticed a gargoyle
  7849 | D:10     | Killed a gargoyle
  7849 | D:10     | Reached skill level 1 in Charms
  8008 | D:11     | Noticed a green ugly thing
  8012 | D:11     | oplop: Я ПОБЕДИТЕЛЬ ПО ЖИЗНИ
  8012 | D:11     | Wingboner: _M - the ring of Birdsong (left hand) {rF+ rN+ Dex+7}
  8012 | D:11     | Wingboner: Знаете, как я назову это кольцо?
  8012 | D:11     | Wingboner: "Прощай, Ока!"
  8012 | D:11     | oplop: бгг
  8017 | D:11     | Wingboner: Потому что теперь у меня есть все резисты.
  8343 | D:11     | Noticed Erolcha
  8348 | D:11     | Killed Erolcha
  8559 | D:11     | Found a staircase to the Lair.
  8679 | D:11     | Killed a green ugly thing
  8679 | D:11     | Reached XP level 11. HP: 84/84 MP: 15/18
  8835 | D:12     | Found a shimmering altar of Xom.
  8891 | D:12     | Identified the +1 scale mail of Awe {rPois} (You found it on level 4 of the Dungeon)
  8954 | D:12     | namelastname112: шляпкинс
  8957 | D:12     | namelastname112: пойду чаю сделаю
  9005 | D:12     | Wingboner: Кстати.
  9020 | D:12     | Wingboner: Завтра надо купить чаю.
  9063 | D:12     | Found a staircase to the Orcish Mines.
  9119 | D:12     | Wingboner: А то родственники накупили всяких ФРУКТОВЫХ и ЗЕЛЁНЫХ, а я в такое не умею.
  9124 | D:12     | oplop: я ФРУКТОВЫЕ непереношу
  9124 | D:12     | oplop: а зеленый вполне
  9124 | D:12     | oplop: у меня с прошлой тян осталась баночка улуна из китая
  9124 | D:12     | oplop: там катышкитакие
  9124 | D:12     | oplop: с горошину, кидаешь 4-5 штук в чашку
  9124 | D:12     | oplop: у тебя четверть чашки тистьев
  9138 | D:12     | Found a roughly hewn altar of Beogh.
  9139 | D:12     | Wingboner: Я в улуне и пуэре сраный эксперт, хотя не пробовал ни разу. Переводил очень много текстов по ним.
  9139 | D:12     | oplop: kfk
  9139 | D:12     | oplop: лал
  9334 | D:12     | oplop: пиздец огра еффектами обосрало
  9474 | D:13     | Found a labyrinth entrance.
  9491 | Lab      | Entered a labyrinth
  9511 | Lab      | oplop: чет я не помню когда мне последний раз в лабиринте годнота попадалась
  9511 | Lab      | Wingboner: Мне постоянно.
  9511 | Lab      | oplop: надо бы перестать уже в них лазать
  9651 | Lab      | namelastname112: лол
  9657 | Lab      | namelastname112: да ты охуел
  9660 | Lab      | namelastname112: перестать
  9660 | Lab      | oplop: шо
  9671 | Lab      | namelastname112: лабы это лучший мидгейм-портал
  9671 | Lab      | oplop: вот хуле он проснулся
  9681 | Lab      | namelastname112: ну мб айскев еще получше временами
  9692 | Lab      | Noticed a minotaur
  9694 | Lab      | namelastname112: @??minotaur
  9694 | Lab      | beem: minotaur (H)
                  | Spd:
    10 | HD: 13   | HP: 58-84
                  | AC/EV: 14/4 (headbutt: d20-1)
                  | Dam: 35, 20
                  | weapons, items, doors, fighter
                  | Res: magic(60)
                  | XP:
  1084 | Sz: Medium | Int: human.
  9695 | Lab      | namelastname112: 60 мр
  9695 | Lab      | namelastname112: хуйня
  9711 | Lab      | Killed a minotaur
  9711 | Lab      | Reached skill level 10 in Short Blades
  9711 | Lab      | Reached skill level 10 in Dodging
  9724 | Lab      | oplop: NOT IMPRESSED
  9730 | Lab      | namelastname112: ну тут чет говно, да
  9730 | Lab      | oplop: ебаное нихуя
  9829 | D:13     | oplop: мм
  9829 | D:13     | oplop: конжуры чтоль подучить
  9829 | D:13     | oplop: чтоб спрей ебашил
  9829 | D:13     | oplop: -3
  9829 | D:13     | oplop: ммм
  9874 | D:13     | namelastname112: я даже догадываюсь
  9877 | D:13     | namelastname112: почему у них -3
  9882 | D:13     | oplop: чтоб девятками без голода не ебашили?
  9882 | D:13     | namelastname112: чтобы ты магией не мог смапить как ебанат
  9887 | D:13     | Wingboner: Чтоб не наглели.
  9948 | D:13     | oplop: NAHOOI
 10021 | D:13     | namelastname112: ну вампы и так клевые
 10030 | D:13     | namelastname112: как по мне
 10040 | D:13     | namelastname112: хорошая специя
 10066 | D:13     | namelastname112: интересная
 10073 | D:13     | Wingboner: Да.
 10077 | D:13     | Reached skill level 1 in Conjurations
 10092 | D:13     | Wingboner: Мне только жалко буста старого, с ним было интереснее.
 10093 | D:13     | namelastname112: не то что какие-нибудь халфлинги
 10093 | D:13     | Wingboner: +некра
 10093 | D:13     | namelastname112: у них энхансеры были?
 10093 | D:13     | namelastname112: или апта?
 10096 | D:13     | Wingboner: Да. Усилитель. У мумии два, у вампиров один.
 10102 | D:13     | namelastname112: охуеть
 10121 | D:12     | oplop: на некроту?
 10166 | D:12     | Wingboner: Да.
 10166 | D:12     | namelastname112: !lg . 1
 10167 | D:12     | beem: 1/4121. namelastname112 the Grave Robber (L3 NaNe), slain by Ijyb (a -1,+0 orcish club) on D:2 (wad_crossroads) on 2014-01-04 09:15:11, with 143 points after 1960 turns and 0:20:41.
 10167 | D:12     | oplop: а ща убрали мумии?
 10167 | D:12     | Wingboner: Лол.
 10167 | D:12     | Wingboner: Не, сейчас у вампиров нет усилителей.
 10167 | D:12     | namelastname112: !lg . 2
 10167 | D:12     | beem: 2/4121. namelastname112 the Stinger (L1 DsVM), slain by a giant gecko on D:1 on 2014-01-19 16:01:55, with 7 points after 185 turns and 0:04:03.
 10167 | D:12     | Wingboner: У мумии вроде остались.
 10167 | D:12     | oplop: я про мумию
 10368 | D:13     | Wingboner: Только толку?
 10383 | D:13     | namelastname112: !lg . 3
 10387 | D:13     | beem: 3/4121. namelastname112 the Stinger (L1 DsVM), slain by a kobold (a +0,+0 club) on D:1 (hex_medium) on 2014-01-19 16:10:21, with 14 points after 130 turns and 0:01:40.
 10451 | D:13     | namelastname112: !lg . 4
 10452 | D:13     | beem: 4/4121. namelastname112 the Stinger (L3 DrVM), slain by a hobgoblin on D:2 on 2014-01-19 16:23:12, with 158 points after 1768 turns and 0:10:47.
 10538 | D:13     | namelastname112: !lg . 7
 10551 | D:13     | Found Qojadgh's Distillery.
 10559 | D:13     | beem: 7/4121. namelastname112 the Skirmisher (L4 DrFi), slain by a gnoll (a +0,+0 halberd) on D:2 on 2014-01-24 23:03:52, with 155 points after 1128 turns and 0:07:25.
 10559 | D:13     | Bought a potion of might for 68 gold pieces
 10559 | D:13     | namelastname112: !lg xenobreeder 1
 10579 | D:13     | beem: 1/3409. cyanbird the Charm-Maker (L1 SpEn), slain by a jackal on D:1 on 2008-11-10 17:46:13, with 43 points after 93 turns and 0:01:36.
 10698 | D:13     | Reached *** piety under Ashenzari
 10769 | D:13     | namelastname112: !lg oplop 1
 10773 | D:13     | beem: 1/1908. oplop the Sneak (L1 NaSt), slain by a kobold (a +0,+0 short sword) on D:1 (dpeg_entry_arbitrary_b) on 2012-12-11 00:35:24, with 20 points after 74 turns and 0:00:58.
 10790 | D:14     | Noticed a wizard
 10790 | D:14     | Noticed an unseen horror
 10793 | D:14     | Killed an unseen horror
 10846 | D:13     | Wingboner: !lg wandwielder
 10846 | D:13     | namelastname112: тупой ифрит
 10850 | D:13     | beem: No games for wandwielder.
 10854 | D:13     | namelastname112: разбудил всех
 10854 | D:13     | Wingboner: !lm wandwielder
 10854 | D:13     | beem: No milestones for wandwielder.
 10854 | D:13     | oplop: блядь
 10854 | D:13     | Wingboner: !lm wangwielder
 10856 | D:13     | Paralysed by a wizard for 7 turns
 10864 | D:13     | namelastname112: найс
 10864 | D:13     | oplop: у кого-то нет мр
 10864 | D:13     | namelastname112: конфузь наверное
 10902 | D:13     | Paralysed by a wizard for 7 turns
 10903 | D:13     | Killed a wizard
 10903 | D:13     | Reached skill level 10 in Hexes
 10910 | D:13     | namelastname112: лол
 10910 | D:13     | oplop: гм
 10910 | D:13     | namelastname112: дегенерат
 10910 | D:13     | oplop: ему надоело
 10915 | D:13     | oplop: небосьринсвинд был
 11013 | D:13     | oplop: че с ифритом делать?
 11013 | D:13     | oplop: а знаю
 11013 | D:13     | oplop: пойду в лейр
 11013 | D:13     | oplop: вот
 11069 | D:11     | Wingboner: Лолблин.
 11071 | D:11     | namelastname112: а че ифрит
 11072 | D:11     | Wingboner: Не было никакого копания.
 11080 | D:11     | namelastname112: @??efreet
 11083 | D:11     | beem: efreet (R)
                  | Spd:
    10 | HD: 7    | HP: 31-45
                  | AC/EV: 10/5
                  | Dam: 17
                  | demonic, weapons, items, doors, unholy, fly
                  | Res: magic(20), fire+++, poison, rot, neg+++, torm
                  | Vul: cold, drown, holy++
                  | XP: 357
                  | Sp: b.fire (3d15) [!sil], fireball (3d15) [!sil]
                  | Sz: Large
                  | Int: human.
 11086 | D:11     | Wingboner: Пошёл к эльфам.
 11088 | D:11     | Wingboner: Выбежал элементалист и вырыл мне окоп.
 11091 | D:11     | namelastname112: 20 мр
 11101 | D:11     | namelastname112: хуйло
 11151 | Lair:1   | Entered Level 1 of the Lair of Beasts
 11314 | Lair:1   | Noticed Yermak's ghost (journeyman OpSk)
 11315 | Lair:1   | oplop: ойвэй
 11315 | Lair:1   | oplop: ермак оф эливион
 11324 | Lair:1   | Killed Yermak's ghost
 11494 | Lair:1   | Reached XP level 12. HP: 72/94 MP: 9/19
 11513 | Lair:1   | Noticed a seven-headed hydra
 11887 | Lair:1   | Killed a seven-headed hydra
 12367 | Lair:2   | oplop: нужно больше яков...
 12521 | Lair:2   | Reached skill level 10 in Stealth
 12842 | Lair:2   | Noticed a six-headed hydra
 12845 | Lair:2   | Killed a six-headed hydra
 13521 | Lair:3   | Wingboner: Some rock shatters into small pieces.
 13521 | Lair:3   | Wingboner: A green very ugly thing comes into view. The green very ugly thing gurgles horribly! A white ugly thing comes into view. _The white ugly thing gurgles horribly! 3 ugly things, 3 very ugly things, a deep troll and a frost giant come into view.
 13527 | Lair:3   | barbarian: а я руки много дмг в спину заходит?
 13527 | Lair:3   | Wingboner: На отличненько тролль стенку снёс.
 13527 | Lair:3   | barbarian: с*
 13527 | Lair:3   | oplop: без когтей мало
 13527 | Lair:3   | oplop: анармед?
 13527 | Lair:3   | namelastname112: да и с когтями не оч
 13527 | Lair:3   | namelastname112: если ты не кот
 13527 | Lair:3   | barbarian: у меня вайн сталкер
 13527 | Lair:3   | Wingboner: Так же, как с любого оружия, кроме когтей кота и шортов.
 13527 | Lair:3   | oplop: а, у кота отдельные бафы на стаб?
 13527 | Lair:3   | Wingboner: Если ты статуя или дракон, то убить вполне может.
 13527 | Lair:3   | Wingboner: Да.
 13527 | Lair:3   | namelastname112: у кота ножи на когтях
 13529 | Lair:3   | namelastname112: по сути
 13529 | Lair:3   | oplop: охуеть теперь
 13529 | Lair:3   | namelastname112: в статуе стабать заебись вообще
 13529 | Lair:3   | oplop: надо котика доместоса затестить
 13529 | Lair:3   | namelastname112: хех
 13529 | Lair:3   | barbarian: так зубами норм стабается или нет?
 13529 | Lair:3   | oplop: мммммммм
 13529 | Lair:3   | oplop: НЕТ
 13529 | Lair:3   | namelastname112: нет
 13529 | Lair:3   | barbarian: жаль
 13529 | Lair:3   | oplop: мож мне мептик взять?
 13529 | Lair:3   | oplop: а?
 13529 | Lair:3   | namelastname112: !lg . fe-- won dih
 13529 | Lair:3   | beem: No keyword 'dih'
 13529 | Lair:3   | namelastname112: !lg . fe-- won dith
 13529 | Lair:3   | Wingboner: Бери, почему нет.
 13529 | Lair:3   | beem: 2. removemottled the Hand of Shadow (L25 FeBe of Dithmenos), escaped with the Orb and 3 runes on 2016-04-14 13:17:57, with 1686258 points after 65783 turns and 2:14:29.
 13529 | Lair:3   | namelastname112: РУКА ТЕНИ
 13529 | Lair:3   | namelastname112: !lg . fe-- won dith 1
 13529 | Lair:3   | beem: 1/2. namelastname112 the Meteorologist (L27 FeMo of Dithmenos), escaped with the Orb and 5 runes on 2016-03-28 16:51:34, with 2857562 points after 83379 turns and 5:45:34.
 13529 | Lair:3   | oplop: барб, вайнсталкер збс стабатель
 13529 | Lair:3   | Wingboner: !lg xenobreeder fe-- won ash
 13529 | Lair:3   | beem: 1. casual the Conqueror (L27 FeTm of Ashenzari), escaped with the Orb and 15 runes on 2014-10-21 12:58:48, with 11254736 points after 146200 turns and 12:15:48.
 13529 | Lair:3   | oplop: даггер возьми и стабай
 13533 | Lair:3   | Learned a level 3 spell: Mephitic Cloud
 13721 | Lair:3   | namelastname112: !lg . fe-- won s=char
 13722 | Lair:3   | beem: 6 games for namelastname112 (fe-- won): 2x FeTm, FeBe, FeCK, FeMo, FeWr
 14060 | Lair:3   | Reached **** piety under Ashenzari
 14255 | Lair:3   | namelastname112: шесть котов выиграл
 14255 | Lair:3   | namelastname112: и ноль минотавров
 14255 | Lair:3   | oplop: ебать
 14255 | Lair:3   | namelastname112: вот я ебанутый
 14311 | Lair:3   | Wingboner: Лол.
 14315 | Lair:4   | Wingboner: !lg xenobreeder mi won
 14315 | Lair:4   | beem: 2. casual the Peltast (L27 MiMo of Cheibriados), escaped with the Orb and 3 runes on 2016-03-31 23:24:40, with 1617734 points after 95844 turns and 4:23:25.
 14315 | Lair:4   | oplop: я слабо понимаю как котами играть вообще
 14315 | Lair:4   | Noticed Rupert
 14317 | Lair:4   | Wingboner: У меня парочка есть.
 14324 | Lair:4   | Wingboner: !lg xenobreeder mi won -2
 14328 | Lair:4   | beem: 1/2. casual the Minotaur Barricade (L27 MiFi of The Shining One), escaped with the Orb and 9 runes on 2013-05-05 00:40:14, with 4837889 points after 146958 turns and 8:09:38.
 14339 | Lair:4   | namelastname112: а че там играть
 14339 | Lair:4   | oplop: @??rupert
 14339 | Lair:4   | beem: Rupert (@)
                  | Spd:
    10 | HD: 16   | HP: 100-144
                  | AC/EV: 7/8
                  | Dam: 21
                  | weapons, items, doors, see invisible
                  | Res: magic(100)
                  | XP: 2927
                  | Sp: paralyse, confuse, berserker rage [!sil]
                  | Sz: Medium
                  | Int: human.
 14339 | Lair:4   | namelastname112: страдаешь весь ёрли
 14339 | Lair:4   | oplop: потом весь мид
 14339 | Lair:4   | oplop: и весь лэйт
 14339 | Lair:4   | namelastname112: ну да
 14339 | Lair:4   | namelastname112: по сути
 14339 | Lair:4   | namelastname112: хотя вот фебе у меня норм был
 14339 | Lair:4   | namelastname112: за фебе есть одна страта
 14339 | Lair:4   | Wingboner: Начинаешь берсерком, рвёшь всех в начале игры, потом уходишь в чеистатую, рвёшь всех в экстенде.
 14339 | Lair:4   | namelastname112: найти аквариум
 14339 | Lair:4   | Wingboner: Котостатуя вообще годная.
 14339 | Lair:4   | namelastname112: и просить книгу
 14339 | Lair:4   | Wingboner: !lg xenobreeder febe won
 14339 | Lair:4   | beem: 2. casual the Plane Walker (L27 FeBe of Cheibriados), escaped with the Orb and 6 runes on 2015-04-11 10:02:06, with 2636321 points after 152542 turns and 10:30:10.
 14339 | Lair:4   | oplop: ну да, котостатуя снихуя получает кучу армора
 14339 | Lair:4   | namelastname112: у меня без статуи вины были
 14339 | Lair:4   | namelastname112: с котом
 14339 | Lair:4   | oplop: эв у ней и так дохуя
 14339 | Lair:4   | barbarian: а когда я дерусь ножом я могу одновременно кусаться?
 14339 | Lair:4   | namelastname112: да
 14339 | Lair:4   | namelastname112: в этом вся суть вайнов
 14339 | Lair:4   | oplop: конечно
 14339 | Lair:4   | Wingboner: Да, притом намного лучше, чем с анармом.
 14340 | Lair:4   | namelastname112: берешь че побыстрее в руки
 14350 | Lair:4   | namelastname112: и жрешь врага
 14381 | Lair:4   | barbarian: нож +3 на д1
 14381 | Lair:4   | oplop: вайн с кб адовая штука
 14381 | Lair:4   | oplop: до нерфа укуса вообще все сжирал
 14477 | Lair:4   | Noticed Sonja
 14484 | Lair:4   | Killed Sonja
 14487 | Lair:4   | Wingboner: А теперь как будто не сжирает.
 14489 | Lair:4   | oplop: ну до нерфа вообще грязь была
 14558 | Lair:4   | oplop: сука
 14558 | Lair:4   | oplop: улитос
 14558 | Lair:4   | namelastname112: кстати
 14561 | Lair:4   | namelastname112: барбариан
 14563 | Lair:4   | Reached skill level 10 in Fighting
 14564 | Lair:4   | namelastname112: слышь
 14567 | Lair:4   | namelastname112: иди мыло свое проверь
 14584 | Lair:4   | namelastname112: бля, он не тут наверное
 14663 | Lair:4   | oplop: отойду на 10 минут
 14663 | Lair:4   | barbarian: а стабер с чеи это наркомания?
 14663 | Lair:4   | Wingboner: Почему? Отличная штука.
 14663 | Lair:4   | Wingboner: !log . muen
 14663 | Lair:4   | beem: No games for Wingboner (muen).
 14663 | Lair:4   | Wingboner: !log xenobreeder muen
 14663 | Lair:4   | beem: 1. casual, XL27 MuEn, T:135540: http://underhound.eu:81/crawl/morgue/casual/morgue-casual-20150603-115441.txt
 14663 | Lair:4   | namelastname112: просто ты чеи любишь слишком
 14663 | Lair:4   | barbarian: из-за того что медленно хожу все буду чаще просыпатся
 14663 | Lair:4   | barbarian: или нет?
 14663 | Lair:4   | Wingboner: Просто ты не совсем правильно им играешь.
 14663 | Lair:4   | namelastname112: ты чеисектант
 14663 | Lair:4   | Wingboner: Надеваешь сраный плейт, за счёт чейской инты дикая сила конфуза.
 14663 | Lair:4   | namelastname112: а я дисосектант
 14663 | Lair:4   | Wingboner: Ходишь и всех стабаешь в плейте, как мужык.
 14663 | Lair:4   | Wingboner: А на стелс забить.
 14663 | Lair:4   | barbarian: но ведь ты громкий
 14663 | Lair:4   | Wingboner: И что?
 14663 | Lair:4   | barbarian: звучит как полная хуйня
 14663 | Lair:4   | Wingboner: Зато прочный и конфузный.
 14663 | Lair:4   | Wingboner: Ну, твоё дело. Я так мумией с первого раза выиграл.
 14663 | Lair:4   | barbarian: лучше дисменоса поищу
 14663 | Lair:4   | Wingboner: !oneandwon xenobreeder
 14663 | Lair:4   | beem: Chars won first try for xenobreeder: GrAM, MiMo, DsAr, MuEn, DsWz, DsWn, DEFE, KoEn, HOGl
 14663 | Lair:4   | namelastname112: !oneandwon
 14663 | Lair:4   | beem: Chars won first try for namelastname112: LaBe, GrBe, DDAr
 14663 | Lair:4   | namelastname112: лел
 14663 | Lair:4   | namelastname112: лабе не в счет
 14663 | Lair:4   | namelastname112: он читерный был
 14663 | Lair:4   | namelastname112: скорее бы уку добавили в транк
 14663 | Lair:4   | Wingboner: Хепла.
 14663 | Lair:4   | barbarian: La это кто?
 14663 | Lair:4   | namelastname112: хепл не такой интересный, как по мне
 14663 | Lair:4   | namelastname112: ??la
 14663 | Lair:4   | beem: lacertilian[1/1]: Experimental race with perma-faith and no wrath for changing gods. Once again playable on CBRO!
 14663 | Lair:4   | barbarian: и что за ука?
 14663 | Lair:4   | namelastname112: ??uka
 14663 | Lair:4   | beem: uka ~ oka ~ okawaru[1/7]: Heroism (*) temporarily gives +5 to all non-magic skills except Invocations and Evocations, although Fighting skill from it gives no extra HP. Finesse (*****) halves attack delay but does not stack with haste or berserk. Okawaru also gifts weapons, armour, and ammo.
 14663 | Lair:4   | namelastname112: бля
 14663 | Lair:4   | Wingboner: ??ukayaw
 14663 | Lair:4   | beem: ukayaw[1/3]: Experimental branch god of ecstatic dance. Piety raises very quickly as you deal damage and drops very quickly over time. *: Stomp for AOE damage. **: Teleport through a line of creatures, confusing them. ***: on reaching this piety level, briefly paralyze all enemies in LOS. ****: On reaching this piety level, monsters share damage. *****: Telefrag any monster in LOS.
 14663 | Lair:4   | namelastname112: как же клево тогда было с ним 15 делать
 14663 | Lair:4   | Wingboner: Кстати, сейчас симлинк поставлю.
 14663 | Lair:4   | namelastname112: антея нахуй распидорасило
 14663 | Lair:4   | namelastname112: на ебаные куски
 14663 | Lair:4   | namelastname112: там все в крови и мясе было
 14663 | Lair:4   | namelastname112: а он даже не понял, че случилось
 14663 | Lair:4   | Wingboner: ??uka
 14663 | Lair:4   | beem: ukayaw[1/3]: Experimental branch god of ecstatic dance. Piety raises very quickly as you deal damage and drops very quickly over time. *: Stomp for AOE damage. **: Teleport through a line of creatures, confusing them. ***: on reaching this piety level, briefly paralyze all enemies in LOS. ****: On reaching this piety level, monsters share damage. *****: Telefrag any monster in LOS.
 14663 | Lair:4   | Wingboner: Вот так.
 14663 | Lair:4   | namelastname112: найс
 14663 | Lair:4   | Wingboner: О, у меня Ока узбагоился.
 14663 | Lair:4   | namelastname112: все-таки стабать с ним 10/10 было
 14663 | Lair:4   | namelastname112: паралайзнул всех
 14663 | Lair:4   | namelastname112: одного стабнул
 14663 | Lair:4   | Wingboner: Да, линк жесть.
 14663 | Lair:4   | namelastname112: а когда стабнул второго, то все дохнут
 14663 | Lair:4   | namelastname112: у меня тогда еще джихад был
 14663 | Lair:4   | namelastname112: !lg . uka won
 14663 | Lair:4   | beem: 1. namelastname112 the Rhythm of Life and Death (L27 DrAs of Ukayaw), escaped with the Orb and 15 runes on 2016-04-23 16:03:00, with 14964313 points after 105629 turns and 7:02:20.
 14663 | Lair:4   | namelastname112: !lg . uka won -log
 14663 | Lair:4   | beem: 1. namelastname112, XL27 DrAs, T:105629: http://crawl.berotato.org/crawl/morgue/namelastname112/morgue-namelastname112-20160423-160300.txt
 14663 | Lair:4   | namelastname112: пиздец вообще
 14663 | Lair:4   | namelastname112: а не перс
 14663 | Lair:4   | namelastname112: бля
 14663 | Lair:4   | namelastname112: в зигах наверное вообще 10/10 будет
 14663 | Lair:4   | namelastname112: стабнуть весь этаж
 14663 | Lair:4   | namelastname112: надо только дожить
 14663 | Lair:4   | barbarian: а почему вайн сталкера не дрейнит ай оф дрейнинг?
 14663 | Lair:4   | oplop: что
 14663 | Lair:4   | oplop: за ай оф дрейнинг?
 14744 | Lair:4   | barbarian: глаз красный
 14744 | Lair:4   | Wingboner: Глаз-маносос.
 14752 | Lair:4   | oplop: а
 14752 | Lair:4   | oplop: не в настроении
 14752 | Lair:4   | oplop: может и подрейнить
 14823 | Lair:4   | Noticed a seven-headed hydra
 14825 | Lair:4   | oplop: бля
 14825 | Lair:4   | oplop: обожрался
 14825 | Lair:4   | oplop: не замышевать
 14864 | Lair:4   | Noticed a catoblepas
 14891 | Lair:4   | Slain by a catoblepas

Skill      XL: |  1  2  3  4  5  6  7  8  9 10 11 12 |
---------------+-------------------------------------+-----
Stealth        | 5 6 7 12 | 12.0
Hexes          | 5 6 7 8 10 | 10.4
Spellcasting   | 3 4 5 |  5.1
Fighting       | 1 3 4 6 7 8 10 | 10.1
Short Blades   | 4 7 9 10 | 10.1
Dodging        | 5 7 9 11 12 | 12.6
Charms         | 4 |  4.1
Conjurations   | 2 |  2.7

Action                   |  1- 3 |  4- 6 |  7- 9 | 10-12 || total
-------------------------+-------+-------+-------+-------++-------
Melee: Dagger            |   105 |   137 |   345 |   956 ||  1543
       Bite              |    10 |    17 |    30 |    99 ||   156
       Unarmed           |    22 |       |       |       ||    22
 Fire: Blowgun           |       |       |       |     2 ||     2
 Cast: Corona            |     4 |       |       |     1 ||     5
       Ensorcelled Hiber |     9 |     4 |    22 |   127 ||   162
       Confuse           |     3 |     7 |    28 |    39 ||    77
       Tukima's Dance    |       |     5 |    31 |    21 ||    57
       Dazzling Spray    |       |       |       |    26 ||    26
       Repel Missiles    |       |       |       |     3 ||     3
Invok: Curse Item        |       |       |     2 |       ||     2
 Abil: End Transformatio |     1 |     1 |     4 |     4 ||    10
       Bat Form          |     1 |     1 |     4 |     4 ||    10
  Use: Scroll            |       |     7 |    10 |    10 ||    27
       Potion            |       |     8 |       |    19 ||    27
 Stab: Sleeping          |    10 |    22 |    26 |   119 ||   177
       Confused          |     2 |     3 |    19 |    28 ||    52
       Distracted        |       |     2 |       |     1 ||     3
       Invisible         |       |       |       |    18 ||    18
       Petrified         |       |       |       |     2 ||     2
  Eat: Corpse            |     6 |     3 |       |       ||     9
Armor: Robe              |    26 |    21 |    48 |    89 ||   184
Dodge: Dodged            |    68 |    62 |   194 |   787 ||  1111
       Deflected         |       |       |       |     6 ||     6
